 Dungeon Crawl Stone Soup version 0.31-a0-174-g85c54bcb58 (webtiles) character file.

Game seed: 17303853638468151039

177596 qw the Marksgargoyle (level 18, -5/128 HPs)
             Began as a Gargoyle Hunter on June 15, 2023.
             Was a High Priest of Okawaru.
             Slain by a nagaraja
             ... wielding a +0 club
              (22 damage)
             ... on level 4 of the Snake Pit.
             The game lasted 00:12:26 (22733 turns).

qw the Marksgargoyle (Gargoyle Hunter)             Turns: 22733, Time: 00:12:27

Health: -5/128     AC: 35    Str: 14    XL:     18   Next: 17%
Magic:  20/25      EV: 27    Int: 11    God:    Okawaru [*****.]
Gold:   3097       SH:  0    Dex: 26    Spells: 17/17 levels left

rFire   . . .        i - +7 longbow (heavy)
rCold   . . .        (shield currently unavailable)
rNeg    + . .        z - +0 ring mail "Plog" {Regen+ Dex+2}
rPois   inf          B - +4 hat of Bufoag {Rampage +Inv Dex+2}
rElec   +            E - +2 cloak
rCorr   .            s - +2 pair of gloves
SInv    +            F - +0 pair of boots "Lesotaal" {rPois Dex+3}
Will    +....        h - amulet of regeneration
Stlth   +++          A - +5 ring of evasion
HPRegen 2.01/turn    u - ring of see invisible
MPRegen 0.19/turn

%: rampage
@: about to teleport, heroic, finesse-ful, weakened, flying, slowed,
constricted, very slow
A: sickness immunity, AC +13, big wings, negative energy resistance 1,
electricity resistance, torment resistance 1, petrification resistance, hooves
1, mutation resistance 1, weak 1
a: Renounce Religion, Evoke Invisibility, Heroism, Finesse, Duel


You were on level 4 of the Snake Pit.
You worshipped Okawaru.
Okawaru was extremely pleased with you.
You visited 6 branches of the dungeon, and saw 30 of its levels.
You also visited: Gauntlet.

You collected 4697 gold pieces.
You spent 1600 gold pieces at shops.


Innate Abilities, Weirdness & Mutations

You are immune to sickness and miasma.
Your stone body is resilient. (AC +13)
You are immune to poison.
Your large and strong wings let you fly.
You resist negative energy. (rN+)
You are resistant to electric shocks. (rElec)
You are resistant to unholy torment.
You are immune to petrification.
You have large cloven feet.
You are somewhat resistant to further mutation.
You are weak. (Str -2)


   Skills:
 - Level 19.0(24.0) Fighting
 - Level 20.0(25.0) Ranged Weapons
 + Level 11.2(16.2) Armour
 - Level 12.0(17.0) Dodging
 - Level 1.1(6.1) Stealth
 - Level 10.0 Invocations


You had 17 spell levels left.
You didn't know any spells.
Your spell library was empty.

Inventory:

Hand Weapons
 i - a +7 heavy longbow (weapon)
Armour
 m - the +2 pair of boots of Follow the Leader {-Tele Will+ Regen+ Str+2}
   (Okawaru gifted it to you on level 1 of the Snake Pit)

   Str:       It affects your strength (+2).
   -Tele:     It prevents most forms of teleportation.
   Regen:     It increases your rate of health regeneration.
   Will:      It increases your willpower.
 r - +0 acid dragon scales
 s - a +2 pair of gloves (worn)
 y - the +0 pair of boots of Darkness {+Blink rElec rPois rCorr}
   (You found it in a Gauntlet)

   rElec:     It insulates you from electricity.
   rPois:     It protects you from poison.
   +Blink:    It lets you blink.
   rCorr:     It protects you from acid and corrosion.
 z - the +0 ring mail "Plog" (worn) {Regen+ Dex+2}
   (You found it in a Gauntlet)

   Dex:       It affects your dexterity (+2).
   Regen:     It increases your rate of health regeneration.
 B - the +4 hat of Bufoag (worn) {Rampage +Inv Dex+2}
   (You found it in a Gauntlet)

   Dex:       It affects your dexterity (+2).
   +Inv:      It lets you turn invisible.
   Rampage:   It bestows one free step when moving towards enemies.
 E - a +2 cloak (worn)
 F - the +0 pair of boots "Lesotaal" (worn) {rPois Dex+3}
   (Okawaru gifted it to you on level 1 of the Swamp)

   Dex:       It affects your dexterity (+3).
   rPois:     It protects you from poison.
 H - a +3 leather armour of cold resistance
 I - a +0 robe of resistance
Jewellery
 a - a ring of protection from fire
 h - an amulet of regeneration (around neck)
 l - a +4 ring of slaying {mikee}
 o - a ring of resist corrosion
 t - the ring of Winter {*Slow rElec rCorr Int+3}
   (You found it on level 2 of the Snake Pit)

   [ring of resist corrosion]

   Int:       It affects your intelligence (+3).
   rElec:     It insulates you from electricity.
   rCorr:     It protects you from acid and corrosion.
   *Slow:     It may slow you when you take damage.
 u - a ring of see invisible (right hand)
 w - a ring of protection from fire
 A - a +5 ring of evasion (left hand)
 G - a ring of flight
Wands
 j - a wand of digging (13)
Scrolls
 b - 4 scrolls of identify
 q - a scroll of enchant armour
 v - 4 scrolls of teleportation
 C - 2 scrolls of brand weapon
Potions
 c - 7 potions of might
 d - 8 potions of haste
 e - 2 potions of mutation
 f - 12 potions of curing
 g - 3 potions of attraction
 k - a potion of cancellation
 n - 3 potions of heal wounds
 p - 3 potions of lignification
 x - 2 potions of resistance
 D - 2 potions of magic

Dungeon Overview and Level Annotations

Branches:
Dungeon (15/15)            Temple (1/1) D:5            Lair (5/5) D:10
  Swamp (3/4) Lair:2        Snake (4/4) Lair:2        Slime (0/5) Lair:4
    Orc (2/2) D:9             Elf (0/3) Orc:2        Vaults (0/5) D:13
 Depths (0/4) D:15        Gauntlet (visited)

Altars:
Ashenzari
Cheibriados
Dithmenos
Elyvilon
Fedhas
Gozag
Hepliaklqana
Kikubaaqudgha
Makhleb
Nemelex Xobeh
Okawaru
Qazlal
Ru
Sif Muna
Trog
Uskayaw
Vehumet
Wu Jian
Xom
Yredelemnul
Zin
The Shining One
Jiyva

Shops:
D:2 [   D:6 !   D:7 (*[*   Orc:2 (*[[   Snake:4 *

Portals:
Trove: D:13 (give +5 fire dragon scales)
Ice
Cave: Swamp:3

Annotations:
Lair:1 2 transporters, qw's ghost, novice NaHu
Swamp:3 2 transporters, qw's ghost, adept GrFi
Snake:4 Saint Roka


Message History

Saint Roka shouts!
22730 ||| INVOKING Finesse.
You can now deal lightning-fast blows.
You hear a shout!
The naga warrior misses you. The warg completely misses you.
An orc warrior comes into view. It is wielding a +0 dire flail.
The naga sharpshooter unwields a +0 trident.
The naga sharpshooter wields a +0 shortbow.
The naga sharpshooter mumbles some strange words.
The naga sharpshooter magically shoots an arrow.
The arrow completely misses you. The naga warrior completely misses you.
The warg completely misses you.
You shoot an arrow. The arrow closely misses the warg.
The orc warrior completely misses you. The nagaraja completely misses you.
The nagaraja grabs you. The nagaraja constricts you!
You shoot an arrow. The arrow hits the nagaraja!!!
The nagaraja is severely wounded.
You hear a shout!
The warg misses you.
The naga sharpshooter mumbles some strange words.
The naga sharpshooter magically shoots an arrow.
The arrow misses you.
The naga warrior hits you from afar with a +0 halberd.
The naga warrior spits poison at you.
The splash of poison hits you but does no damage.
You resist.
Saint Roka roars a battlecry!
The orc warriors go into a battle-frenzy!
The orc warrior completely misses you. The naga warrior closely misses you.
The nagaraja hits you with a +0 club. The nagaraja constricts you!
The warg completely misses you.
22733 ||| READING 5 scrolls of teleportation.
As you read the scroll of teleportation, it crumbles to dust.
You feel strangely unstable. The naga warrior closely misses you.
The naga warrior hits you with a +0 battleaxe!
The warg completely misses you.
The orc warrior hits you but does no damage.
The naga warrior completely misses you. The nagaraja hits you with a +0 club!!
You die...

...## ##)).#
#)..# ..##
#...# #...#
.## #...#
#...# ##
#...####...# #
#)..#......# #
##oo.#......#
#...#####...#
##h..# #...#
##@o.####
#...#
#NNo.#..#
#...#
.N..)NNN.##..#
#...#
N.......##...#
#.(.#
......####...#
#...# ######
##...# #...#
##....# #.).#
##....## #%).#
##....##
##)..#


You could see Saint Roka, a nagaraja (strong), 3 naga warriors, a naga
sharpshooter (strong), a warg (very poisoned) and 3 orc warriors.

Vanquished Creatures
  A fenstrider witch (Swamp:3)
  4 nagarajas (Snake:4)
  A stone giant (D:15)
  4 eleionomae
  A minotaur (Gauntlet)
  4 bunyips
  A dire elephant (Lair:5)
  A fire dragon (Lair:5)
  Josephine (Orc:1)
  A yaktaur captain (D:13)
  Erolcha (D:10)
  Harold (Lair:1)
  3 salamander tyrants (Snake:4)
  3 catoblepae
  A ghost crab (Swamp:1)
  12 hydras
  4 boulder beetles
  8 anacondas
  4 centaur warriors
  2 death knights
  5 alligators
  3 two-headed ogres
  5 death yaks (Lair:5)
  2 tengu warriors
  Urug (Lair:1)
  4 orc high priests
  26 naga warriors
  5 shock serpents
  5 naga sharpshooters
  2 skysharks (Lair:3)
  5 spriggans
  2 spriggan druids
  3 goliath frogs
  5 skeletal warriors
  5 swamp dragons
  3 naga ritualists
  A salamander mystic (Snake:4)
  7 bog bodies
  3 deep elf pyromancers
  4 orc knights (Orc:2)
  2 lindwurms (Lair:5)
  14 ugly things
  9 mana vipers
  3 oklob plants
  3 manticores
  4 cyclopes
  5 orc sorcerers
  A wolf spider (Lair:5)
  3 will-o-the-wisps
  8 salamanders
  A worldbinder (Gauntlet)
  5 guardian serpents
  5 elephants
  10 naga magi
  31 black mambas
  2 gargoyles (Gauntlet)
  A torpor snail (Lair:5)
  Maggie (Lair:1)
  14 cane toads
  7 rime drakes
  5 unseen horrors
  2 yaktaurs (D:13)
  2 tengu conjurers
  An efreet (Gauntlet)
  10 komodo dragons
  A freezing wraith (D:15)
  An unseen horror zombie (D:8)
  5 polar bears
  3 meliai (D:15)
  A queen bee (Lair:2)
  3 bloated husks
  5 trolls
  A troll (shapeshifter) (D:13)
  5 hornets
  11 blink frogs
  6 tyrant leeches
  20 dream sheep (Lair:5)
  4 shadows
  7 wraiths
  A centaur simulacrum (D:14)
  4 slime creatures (D:12)
  44 yaks
  4 wyverns
  A yak (shapeshifter) (D:14)
  2 vampires
  10 basilisks
  2 steam dragons
  9 vampire mosquitoes
  A harpy simulacrum (D:14)
  46 nagas
  2 wargs
  6 swamp worms
  3 acid dragons (Lair:5)
  2 hell hounds (Gauntlet)
  13 water moccasins
  2 ice beasts (D:8)
  3 swamp drakes
  18 orc warriors
  3 black bears
  A boggart (Gauntlet)
  10 ogres
  9 centaurs
  11 wolves
  5 kobold brigands
  A gnoll sergeant (D:12)
  14 bullfrogs
  A necrophage (D:8)
  A scorpion (D:3)
  A wyvern zombie (D:8)
  4 wights (D:8)
  29 killer bees
  4 electric eels
  7 howler monkeys
  6 hounds
  A human zombie (D:8)
  2 centaur zombies (D:8)
  A gnoll bouda (D:10)
  16 orc priests
  2 jellies
  6 iguanas
  17 orc wizards
  A mummy (D:8)
  A howler monkey zombie (D:8)
  19 gnolls
  11 adders
  A shadow imp (D:7)
  A white imp (D:7)
  3 dart slugs
  66 orcs
  10 ball pythons
  4 bats
  6 endoplasms
  2 giant cockroaches
  8 goblins
  8 hobgoblins
  3 jackals (D:4)
  4 frilled lizards
  28 kobolds
  6 rats
883 creatures vanquished.

Vanquished Creatures (others)
  2 orcs
  7 foxfires
9 creatures vanquished.

Grand Total: 892 creatures vanquished

Notes
Turn   | Place    | Note
-------+----------+-------------------------------------------
     0 | D:1      | qw the Gargoyle Hunter began the quest for the Orb.
     0 | D:1      | Reached XP level 1. HP: 12/12 MP: 1/1
     0 | D:1      | 0 ||| qw: Version: 0.2-a-29-g511e9b1
     0 | D:1      | 0 ||| qw: Game counter: 5241
     0 | D:1      | 0 ||| qw: Always use a shield: true
     0 | D:1      | 0 ||| qw: God list: Okawaru
     0 | D:1      | 0 ||| qw: Allow faded altars: false
     0 | D:1      | 0 ||| qw: Do Orc after D:15 true
     0 | D:1      | 0 ||| qw: Do second Lair branch before Depths: true
     0 | D:1      | 0 ||| qw: Lair rune preference: random
     0 | D:1      | 0 ||| qw: Plans: Normal, Zot:1-4, Slime:5, God:TSO, Crypt,
                  | Tomb, Abyss, Pan, Hells, Win
     0 | D:1      | 0 ||| PLANNING D:1-11
    56 | D:1      | Reached XP level 2. HP: 17/17 MP: 2/2
   247 | D:1      | 247 ||| DROPPING scarf of harm.
   249 | D:1      | 249 ||| UPGRADING to +0 ring mail.
   259 | D:1      | 259 ||| DROPPING +0 leather armour.
   260 | D:1      | 260 ||| UPGRADING to amulet of regeneration.
   265 | D:1      | 265 ||| READING scroll labelled NAMAX KAUHOWUI.
   266 | D:1      | 266 ||| READING scroll labelled VYSMACVUOCS.
   267 | D:1      | 267 ||| FLEEEEING.
   268 | D:1      | 268 ||| FLEEEEING.
   395 | D:1      | Found a faded altar of an unknown god.
   715 | D:1      | 715 ||| FLEEEEING.
   722 | D:1      | Reached skill level 1 in Armour
   899 | D:1      | 899 ||| UPGRADING to +4 ring of slaying {mikee}.
   900 | D:1      | 900 ||| READING scroll labelled FUVVEY ISUYNT.
   901 | D:1      | 901 ||| READING scroll labelled KOEBUL DUYHAS.
   902 | D:1      | 902 ||| DRINKING 2 murky pink potions.
   903 | D:1      | 903 ||| DROPPING scroll of butterflies.
   946 | D:2      | Reached XP level 3. HP: 21/21 MP: 3/3
  1115 | D:2      | Found Turiv's Antique Armour Shop.
  1122 | D:2      | Reached skill level 5 in Ranged Weapons
  1128 | D:2      | 1128 ||| SHOPLISTING opalescent robe (159 gold, have 35).
  1128 | D:2      | 1128 ||| SHOPLISTING pair of boots (126 gold, have 35).
  1267 | D:2      | Reached XP level 4. HP: 26/27 MP: 4/4
  1268 | D:2      | Reached skill level 3 in Fighting
  1528 | D:2      | 1528 ||| READING scroll labelled QIULLA QOBURU.
  1531 | D:2      | 1531 ||| READING 3 scrolls labelled XEARCH YFFOGO.
  1532 | D:2      | 1532 ||| READING scroll labelled SEIMNIST MUSE.
  1533 | D:2      | 1533 ||| READING 3 scrolls labelled GULIOD PIUNE.
  1534 | D:2      | 1534 ||| READING scroll labelled UGRIRE KESK.
  1535 | D:2      | 1535 ||| READING scroll labelled SILIOGH HOTHU.
  1536 | D:2      | 1536 ||| READING 2 scrolls of identify.
  1536 | D:2      | 1536 ||| IDENTIFYING blue potion
  1537 | D:2      | 1537 ||| DROPPING 2 scrolls of revelation.
  1538 | D:2      | 1538 ||| DROPPING 2 scrolls of vulnerability.
  1611 | D:3      | Noticed a scorpion
  1618 | D:3      | Killed a scorpion
  1619 | D:3      | Reached XP level 5. HP: 30/32 MP: 5/5
  1630 | D:3      | Found an opulent altar of Gozag.
  1889 | D:3      | 1889 ||| READING 2 scrolls of identify.
  1889 | D:3      | 1889 ||| IDENTIFYING fuming golden potion
  1911 | D:4      | Reached skill level 6 in Ranged Weapons
  1927 | D:4      | 1927 ||| STAIRDANCE
  2030 | D:4      | Reached XP level 6. HP: 38/38 MP: 6/6
  2175 | D:4      | Reached skill level 7 in Ranged Weapons
  2237 | D:4      | 2237 ||| DRINKING 2 potions of curing.
  2237 | D:4      | 2237 ||| (to cure confusion)
  2238 | D:4      | 2238 ||| FLEEEEING.
  2266 | D:4      | Found a burning altar of Makhleb.
  2290 | D:4      | Reached XP level 7. HP: 15/43 MP: 7/7
  2455 | D:4      | Noticed a +0 spear
  2460 | D:4      | Found a hide-covered altar of Uskayaw.
  2462 | D:4      | Noticed a +0 short sword
  2466 | D:4      | Noticed a +0 falchion
  2468 | D:4      | Noticed a +0 dagger
  2468 | D:4      | Noticed a +0 spear
  2469 | D:4      | Noticed a +0 dagger
  2469 | D:4      | Noticed a +0 short sword
  2469 | D:4      | Noticed a +0 falchion
  2556 | D:4      | 2556 ||| UPGRADING to +0 helmet.
  2561 | D:4      | 2561 ||| READING scroll of enchant armour.
  2561 | D:4      | 2561 ||| ENCHANTING +0 helmet.
  2562 | D:4      | 2562 ||| UPGRADING to ring of protection from fire.
  2563 | D:4      | 2563 ||| DRINKING 2 metallic emerald potions.
  2563 | D:4      | Gained mutation: You have large cloven feet. [potion of
                  | mutation]
  2563 | D:4      | Gained mutation: You are weak. (Str -2) [potion of
                  | mutation]
  2563 | D:4      | Gained mutation: You are somewhat resistant to further
                  | mutation. [potion of mutation]
  2578 | D:5      | Entered Level 5 of the Dungeon
  2581 | D:5      | 2581 ||| STAIRDANCE
  2603 | D:5      | 2603 ||| STAIRDANCE
  2678 | D:5      | Reached skill level 8 in Ranged Weapons
  2790 | D:5      | Found a staircase to the Ecumenical Temple.
  2791 | D:5      | 2791 ||| PLANNING TEMPLE
  2791 | D:5      | 2791 ||| DROPPING amulet of guardian spirit.
  2792 | D:5      | 2792 ||| READING 2 scrolls of identify.
  2792 | D:5      | 2792 ||| IDENTIFYING red potion
  2802 | Temple   | Entered the Ecumenical Temple
  2848 | Temple   | 2848 ||| PLANNING OKAWARU WORSHIP
  2859 | Temple   | Became a worshipper of Warmaster Okawaru
  2860 | Temple   | 2860 ||| PLANNING D:1-11
  3210 | D:5      | Noticed a two-headed ogre
  3220 | D:5      | Killed a two-headed ogre
  3220 | D:5      | Reached * piety under Okawaru
  3221 | D:5      | Reached skill level 6 in Armour
  3221 | D:5      | Reached XP level 8. HP: 21/49 MP: 8/8
  3393 | D:6      | Reached skill level 1 in Invocations
  3401 | D:6      | Found a broken altar of Ashenzari.
  3405 | D:6      | 3405 ||| INVOKING Heroism.
  3422 | D:6      | 3422 ||| INVOKING Heroism.
  3507 | D:6      | Reached skill level 3 in Invocations
  3507 | D:6      | Reached XP level 9. HP: 54/54 MP: 11/11
  3512 | D:6      | 3512 ||| INVOKING Heroism.
  3613 | D:6      | Found Baehampein's Distillery.
  3619 | D:6      | 3619 ||| SHOPLISTING 2 potions of haste (300 gold, have
                  | 249).
  3619 | D:6      | 3619 ||| BUYING potion of curing (45 gold).
  3619 | D:6      | Bought a potion of curing for 45 gold pieces
  3619 | D:6      | 3619 ||| BUYING potion of curing (45 gold).
  3619 | D:6      | Bought a potion of curing for 45 gold pieces
  3619 | D:6      | 3619 ||| BUYING potion of haste (150 gold).
  3619 | D:6      | Bought a potion of haste for 150 gold pieces
  3619 | D:6      | 3619 ||| SHOPLISTING potion of heal wounds (75 gold, have
                  | 9).
  3619 | D:6      | 3619 ||| SHOPLISTING potion of lignification (45 gold, have
                  | 9).
  3772 | D:6      | 3772 ||| INVOKING Heroism.
  3777 | D:6      | Reached skill level 9 in Ranged Weapons
  3922 | D:6      | 3922 ||| INVOKING Heroism.
  4111 | D:6      | 4111 ||| UPGRADING to +2 pair of boots.
  4116 | D:6      | 4116 ||| DRINKING 2 emerald potions.
  4117 | D:6      | 4117 ||| READING 3 scrolls of identify.
  4117 | D:6      | 4117 ||| IDENTIFYING white potion
  4118 | D:6      | 4118 ||| READING 2 scrolls of identify.
  4118 | D:6      | 4118 ||| IDENTIFYING black potion
  4119 | D:6      | 4119 ||| DROPPING potion of ambrosia.
  4120 | D:6      | 4120 ||| DROPPING potion of brilliance.
  4149 | D:7      | 4149 ||| INVOKING Heroism.
  4150 | D:7      | 4150 ||| Stepping ~*~*~tactically~*~*~ (outnumbered).
  4171 | D:7      | 4171 ||| READING scroll of enchant armour.
  4171 | D:7      | 4171 ||| ENCHANTING +1 helmet.
  4174 | D:7      | 4174 ||| INVOKING Heroism.
  4176 | D:7      | Reached skill level 6 in Fighting
  4205 | D:7      | 4205 ||| Stepping ~*~*~tactically~*~*~ (outnumbered).
  4208 | D:7      | 4208 ||| Stepping ~*~*~tactically~*~*~ (outnumbered).
  4225 | D:7      | 4225 ||| INVOKING Heroism.
  4377 | D:7      | Found a glowing golden altar of the Shining One.
  4420 | D:7      | Found Kousiy's Weapon Shop.
  4423 | D:7      | Found Supit's Assorted Antiques.
  4425 | D:7      | Found Guecw's Armour Shop.
  4430 | D:7      | Found Ficyq Nui's General Store.
  4436 | D:7      | 4436 ||| SHOPLISTING +2 ring mail of the Swamp {rF++ rC+
                  | rN+ Regen+} (596 gold, have 133).
  4436 | D:7      | 4436 ||| SHOPLISTING +2 robe of fire resistance (212 gold,
                  | have 133).
  4440 | D:7      | 4440 ||| BUYING potion of heal wounds (50 gold).
  4440 | D:7      | Bought a potion of heal wounds for 50 gold pieces
  4440 | D:7      | 4440 ||| BUYING potion of might (40 gold).
  4440 | D:7      | Bought a potion of might for 40 gold pieces
  4444 | D:7      | 4444 ||| SHOPLISTING pair of runed gloves (247 gold, have
                  | 43).
  4444 | D:7      | 4444 ||| SHOPLISTING transparent helmet (313 gold, have
                  | 43).
  4509 | D:7      | Identified the +0 leather armour of Generosity {*Slow rElec
                  | rC+ Will+}
  4607 | D:7      | Found a bloodstained altar of Trog.
  4608 | D:7      | 4608 ||| FLEEEEING.
  4609 | D:7      | 4609 ||| FLEEEEING.
  4614 | D:7      | 4614 ||| FLEEEEING.
  4615 | D:7      | 4615 ||| STAIRDANCE
  4623 | D:6      | 4623 ||| UPGRADING to +0 steam dragon scales.
  4633 | D:6      | 4633 ||| DROPPING +0 ring mail.
  4827 | D:7      | 4827 ||| READING scroll labelled DISTRO VUROA.
  4828 | D:7      | 4828 ||| READING 2 scrolls of identify.
  4828 | D:7      | 4828 ||| IDENTIFYING fizzy coppery potion
  4829 | D:7      | 4829 ||| DROPPING potion of enlightenment.
  4841 | D:8      | You fall into a shaft and drop 1 floor!
  4854 | D:9      | 4854 ||| INVOKING Heroism.
  4871 | D:9      | Reached skill level 10 in Ranged Weapons
  4884 | D:8      | 4884 ||| INVOKING Heroism.
  4901 | D:8      | Reached skill level 3 in Dodging
  4940 | D:8      | 4940 ||| READING scroll labelled XYOGRUIHUI.
  4953 | D:8      | 4953 ||| INVOKING Heroism.
  4988 | D:8      | 4988 ||| INVOKING Heroism.
  4994 | D:8      | Reached XP level 10. HP: 26/63 MP: 10/13
  5095 | D:8      | Noticed a two-headed ogre
  5096 | D:8      | 5096 ||| INVOKING Heroism.
  5105 | D:8      | Killed a two-headed ogre
  5105 | D:8      | Reached ** piety under Okawaru
  5106 | D:8      | Reached skill level 11 in Ranged Weapons
  5229 | D:8      | 5229 ||| UPGRADING to +0 orcbow.
  5230 | D:8      | 5230 ||| DROPPING +1 shortbow.
  5299 | D:8      | Reached *** piety under Okawaru
  5300 | D:8      | Reached skill level 12 in Ranged Weapons
  5355 | D:8      | Found an ancient bone altar of Kikubaaqudgha.
  5401 | D:8      | 5401 ||| INVOKING Heroism.
  5402 | D:8      | 5402 ||| Stepping ~*~*~tactically~*~*~ (water).
  5417 | D:8      | 5417 ||| INVOKING Heroism.
  5418 | D:8      | 5418 ||| Stepping ~*~*~tactically~*~*~ (water).
  5437 | D:8      | 5437 ||| Stepping ~*~*~tactically~*~*~ (water).
  5728 | D:8      | 5728 ||| INVOKING Heroism.
  5895 | D:8      | 5895 ||| INVOKING Heroism.
  5933 | D:8      | 5933 ||| DROPPING scarf of harm.
  5934 | D:8      | 5934 ||| DROPPING ring of wizardry.
  5981 | D:9      | 5981 ||| INVOKING Heroism.
  5988 | D:9      | Reached XP level 11. HP: 67/68 MP: 11/14
  6050 | D:9      | 6050 ||| INVOKING Heroism.
  6052 | D:9      | 6052 ||| Stepping ~*~*~tactically~*~*~ (outnumbered).
  6084 | D:9      | 6084 ||| INVOKING Heroism.
  6106 | D:9      | Found a shimmering blue altar of Sif Muna.
  6179 | D:9      | Reached skill level 13 in Ranged Weapons
  6259 | D:9      | 6259 ||| INVOKING Heroism.
  6447 | D:9      | 6447 ||| INVOKING Heroism.
  6498 | D:9      | Found a staircase to the Orcish Mines.
  6594 | D:9      | 6594 ||| UPGRADING to +3 leather armour.
  6604 | D:9      | 6604 ||| DROPPING +0 steam dragon scales.
  6605 | D:9      | 6605 ||| READING scroll labelled XUMAGR ZAUL.
  6606 | D:9      | 6606 ||| DRINKING 2 bubbling brown potions.
  6711 | D:9      | 6711 ||| DROPPING potion of berserk rage.
  6726 | D:10     | Entered Level 10 of the Dungeon
  6768 | D:10     | 6768 ||| Stepping ~*~*~tactically~*~*~ (outnumbered).
  6786 | D:10     | 6786 ||| INVOKING Heroism.
  6790 | D:10     | Reached skill level 9 in Fighting
  6842 | D:10     | 6842 ||| INVOKING Heroism.
  6860 | D:10     | 6860 ||| INVOKING Heroism.
  6904 | D:10     | Found the +7 Kryia's mail coat {PotionHeal*2 rC+}
  7039 | D:10     | Noticed Erolcha
  7040 | D:10     | 7040 ||| INVOKING Heroism.
  7049 | D:10     | Killed Erolcha
  7109 | D:10     | Reached skill level 14 in Ranged Weapons
  7258 | D:10     | Noticed a two-headed ogre
  7259 | D:10     | 7259 ||| INVOKING Heroism.
  7272 | D:10     | Killed a two-headed ogre
  7635 | D:10     | Found a staircase to the Lair.
  7671 | D:10     | 7671 ||| PLANNING LAIR
  7671 | D:10     | 7671 ||| UPGRADING to +0 troll leather armour.
  7681 | D:10     | 7681 ||| DROPPING +3 leather armour.
  7682 | D:10     | 7682 ||| UPGRADING to +0 pair of gloves.
  7687 | D:10     | 7687 ||| READING scroll labelled BIPLEA NOYHE.
  7695 | D:10     | 7695 ||| READING scroll labelled VIUNUU NIKKYEH.
  7696 | D:10     | 7696 ||| DRINKING 2 amethyst potions.
  7697 | D:10     | 7697 ||| DROPPING potion of degeneration.
  7717 | Lair:1   | Entered Level 1 of the Lair of Beasts
  7718 | Lair:1   | 7718 ||| INVOKING Heroism.
  7768 | Lair:1   | Reached **** piety under Okawaru
  7770 | Lair:1   | 7770 ||| INVOKING Heroism.
  7840 | Lair:1   | Reached XP level 12. HP: 60/77 MP: 15/15
  7918 | Lair:1   | Found a transporter.
  7945 | Lair:1   | Noticed qw's ghost (novice NaHu)
  8151 | Lair:1   | 8151 ||| INVOKING Heroism.
  8178 | Lair:1   | Reached skill level 6 in Invocations
  8200 | Lair:1   | Noticed Maggie
  8212 | Lair:1   | Killed Maggie
  8213 | Lair:1   | Reached skill level 15 in Ranged Weapons
  8223 | Lair:1   | Noticed Urug
  8224 | Lair:1   | 8224 ||| INVOKING Heroism.
  8234 | Lair:1   | Killed Urug
  8383 | Lair:1   | 8383 ||| INVOKING Heroism.
  8590 | Lair:1   | Found a transporter.
  8626 | Lair:2   | Noticed Harold
  8627 | Lair:2   | 8627 ||| INVOKING Heroism.
  8646 | Lair:2   | 8646 ||| STAIRDANCE
  8650 | Lair:1   | HP: 16/77 [black mamba (9)]
  8651 | Lair:1   | 8651 ||| READING 6 scrolls of teleportation.
  8652 | Lair:1   | 8652 ||| DRINKING 4 potions of heal wounds.
  8654 | Lair:1   | 8654 ||| DRINKING 3 potions of heal wounds.
  8670 | Lair:1   | Reached ***** piety under Okawaru
  8675 | Lair:1   | 8675 ||| INVOKING Heroism.
  8692 | Lair:1   | Killed Harold
  8830 | Lair:2   | 8830 ||| STAIRDANCE
  8850 | Lair:2   | Received a gift from Okawaru
  8852 | Lair:2   | 8852 ||| UPGRADING to +2 heavy longbow.
  8853 | Lair:2   | 8853 ||| DROPPING +0 orcbow.
  8868 | Lair:2   | 8868 ||| READING scroll of enchant weapon.
  8868 | Lair:2   | 8868 ||| ENCHANTING +2 heavy longbow.
  8914 | Lair:2   | Found a staircase to the Swamp.
  8926 | Lair:2   | Found a staircase to the Snake Pit.
  8928 | Lair:2   | 8928 ||| Stepping ~*~*~tactically~*~*~ (outnumbered).
  8930 | Lair:2   | 8930 ||| Stepping ~*~*~tactically~*~*~ (outnumbered).
  8938 | Lair:2   | 8938 ||| INVOKING Heroism.
  9022 | Lair:2   | 9022 ||| INVOKING Heroism.
  9024 | Lair:2   | Noticed a seven-headed hydra
  9029 | Lair:2   | Noticed a boulder beetle
  9030 | Lair:2   | 9030 ||| INVOKING Finesse.
  9035 | Lair:2   | Killed a seven-headed hydra
  9038 | Lair:2   | Reached skill level 9 in Invocations
  9039 | Lair:2   | HP: 14/77 [boulder beetle (35)]
  9039 | Lair:2   | HP: 3/77 [blink frog (11)]
  9040 | Lair:2   | 9040 ||| READING 5 scrolls of teleportation.
  9041 | Lair:2   | 9041 ||| DRINKING 2 potions of heal wounds.
  9067 | Lair:2   | Received a gift from Okawaru
  9070 | Lair:2   | 9070 ||| INVOKING Heroism.
  9073 | Lair:2   | Reached XP level 13. HP: 68/82 MP: 15/20
  9232 | Lair:2   | 9232 ||| INVOKING Heroism.
  9236 | Lair:2   | Reached skill level 16 in Ranged Weapons
  9411 | Lair:2   | 9411 ||| INVOKING Heroism.
  9467 | Lair:2   | 9467 ||| UPGRADING to ring of see invisible.
  9513 | Lair:3   | 9513 ||| READING scroll of enchant armour.
  9513 | Lair:3   | 9513 ||| ENCHANTING +0 pair of gloves.
  9538 | Lair:3   | 9538 ||| READING scroll of enchant weapon.
  9538 | Lair:3   | 9538 ||| ENCHANTING +3 heavy longbow.
  9629 | Lair:3   | 9629 ||| INVOKING Heroism.
  9863 | Lair:3   | 9863 ||| INVOKING Heroism.
  9864 | Lair:3   | 9864 ||| DROPPING +2 leather armour of poison resistance.
  9865 | Lair:3   | 9865 ||| Stepping ~*~*~tactically~*~*~ (water).
 10261 | Lair:4   | 10261 ||| INVOKING Heroism.
 10287 | Lair:4   | 10287 ||| INVOKING Heroism.
 10334 | Lair:4   | 10334 ||| READING scroll of enchant armour.
 10334 | Lair:4   | 10334 ||| ENCHANTING +1 pair of gloves.
 10469 | Lair:4   | 10469 ||| INVOKING Heroism.
 10471 | Lair:4   | Identified the +1 hat of the Untouchables {+Inv} (Okawaru
                  | gifted it to you on level 4 of the Lair of Beasts)
 10471 | Lair:4   | Received a gift from Okawaru
 10514 | Lair:4   | Reached skill level 17 in Ranged Weapons
 10641 | Lair:4   | 10641 ||| READING scroll of enchant weapon.
 10641 | Lair:4   | 10641 ||| ENCHANTING +4 heavy longbow.
 10661 | Lair:4   | 10661 ||| INVOKING Heroism.
 10850 | Lair:4   | Found a viscous altar of Jiyva.
 10850 | Lair:4   | Found a staircase to the Slime Pits.
 10851 | Lair:4   | 10851 ||| INVOKING Heroism.
 10852 | Lair:4   | 10852 ||| INVOKING Finesse.
 10854 | Lair:4   | Reached skill level 6 in Dodging
 10972 | Lair:4   | 10972 ||| DROPPING +1 hat of the Untouchables {+Inv}.
 10973 | Lair:4   | 10973 ||| DROPPING +6 ring of strength.
 10974 | Lair:4   | 10974 ||| UPGRADING to +5 ring of evasion.
 10976 | Lair:4   | 10976 ||| READING 3 scrolls of identify.
 10976 | Lair:4   | 10976 ||| IDENTIFYING dark potion
 10977 | Lair:4   | 10977 ||| READING 2 scrolls of identify.
 10977 | Lair:4   | 10977 ||| IDENTIFYING brown potion
 10978 | Lair:4   | 10978 ||| DROPPING potion of invisibility.
 11004 | Lair:5   | Entered Level 5 of the Lair of Beasts
 11012 | Lair:5   | 11012 ||| INVOKING Heroism.
 11078 | Lair:5   | 11078 ||| INVOKING Heroism.
 11145 | Lair:5   | Gained mutation: Your large and strong wings let you fly.
                  | [Gargoyle growth]
 11145 | Lair:5   | Reached XP level 14. HP: 90/90 MP: 21/21
 11147 | Lair:5   | 11147 ||| INVOKING Heroism.
 11164 | Lair:5   | Reached skill level 18 in Ranged Weapons
 11193 | Lair:5   | 11193 ||| INVOKING Heroism.
 11245 | Lair:5   | Noticed a dire elephant
 11246 | Lair:5   | 11246 ||| INVOKING Heroism.
 11248 | Lair:5   | 11248 ||| Stepping ~*~*~tactically~*~*~ (outnumbered).
 11258 | Lair:5   | Reached skill level 12 in Fighting
 11269 | Lair:5   | Killed a dire elephant
 11279 | Lair:5   | 11279 ||| INVOKING Heroism.
 11328 | Lair:5   | 11328 ||| INVOKING Heroism.
 11464 | Lair:5   | 11464 ||| INVOKING Heroism.
 11495 | Lair:5   | 11495 ||| INVOKING Heroism.
 11603 | Lair:5   | 11603 ||| READING scroll of enchant weapon.
 11603 | Lair:5   | 11603 ||| ENCHANTING +5 heavy longbow.
 11680 | Lair:5   | 11680 ||| Stepping ~*~*~tactically~*~*~ (outnumbered).
 11726 | Lair:5   | 11726 ||| FLEEEEING.
 11727 | Lair:5   | 11727 ||| FLEEEEING.
 11737 | Lair:5   | 11737 ||| INVOKING Heroism.
 11744 | Lair:5   | Reached skill level 19 in Ranged Weapons
 11794 | Lair:5   | 11794 ||| READING scroll of enchant weapon.
 11794 | Lair:5   | 11794 ||| ENCHANTING +6 heavy longbow.
 12097 | Lair:5   | 12097 ||| PLANNING D:1-11
 12097 | Lair:5   | 12097 ||| DROPPING +6 ring of intelligence.
 12206 | D:11     | 12206 ||| PLANNING GAUNTLET
 12252 | D:11     | 12252 ||| Stepping ~*~*~tactically~*~*~ (outnumbered).
 12255 | D:11     | 12255 ||| Stepping ~*~*~tactically~*~*~ (outnumbered).
 12303 | D:11     | Found a gate leading to a gauntlet.
 12312 | Gauntlet | Entered a Gauntlet
 12312 | Gauntlet | Found a transporter.
 12312 | Gauntlet | Found a transporter.
 12323 | Gauntlet | Found a transporter.
 12327 | Gauntlet | Found a transporter.
 12336 | Gauntlet | Found a transporter.
 12339 | Gauntlet | Found a transporter.
 12349 | Gauntlet | Found a transporter.
 12366 | Gauntlet | Found a transporter.
 12384 | Gauntlet | Found a transporter.
 12389 | Gauntlet | Found a transporter.
 12397 | Gauntlet | Found a transporter.
 12401 | Gauntlet | Found a transporter.
 12447 | Gauntlet | 12447 ||| INVOKING Heroism.
 12493 | Gauntlet | 12493 ||| INVOKING Heroism.
 12551 | Gauntlet | Identified the +0 pair of boots of Darkness {+Blink rElec
                  | rPois rCorr}
 12582 | Gauntlet | Identified the +4 trident of the Winnowing Gods {drain, rN+
                  | SInv}
 12583 | Gauntlet | 12583 ||| INVOKING Heroism.
 12607 | Gauntlet | Identified the +0 ring mail "Plog" {Regen+ Dex+2}
 12610 | Gauntlet | Identified the +4 hat of Bufoag {Rampage +Inv Dex+2}
 12627 | Gauntlet | 12627 ||| DROPPING +0 leather armour of Generosity {*Slow
                  | rElec rC+ Will+}.
 12628 | Gauntlet | 12628 ||| UPGRADING to +0 ring mail "Plog" {Regen+ Dex+2}.
 12638 | Gauntlet | 12638 ||| DROPPING +0 troll leather armour.
 12639 | Gauntlet | 12639 ||| UPGRADING to +4 hat of Bufoag {Rampage +Inv
                  | Dex+2}.
 12649 | Gauntlet | 12649 ||| DROPPING +2 helmet.
 12650 | Gauntlet | 12650 ||| DROPPING +2 robe of willpower.
 12666 | D:11     | 12666 ||| PLANNING D:1-11
 13001 | D:11     | 13001 ||| PLANNING D
 13031 | D:12     | 13031 ||| STAIRDANCE
 13139 | D:12     | 13139 ||| INVOKING Heroism.
 13292 | D:12     | Reached XP level 15. HP: 95/98 MP: 22/22
 14153 | D:12     | 14153 ||| READING scroll labelled ALOCOM UHOSUS.
 14153 | D:12     | Identified a scroll of acquirement
 14153 | D:12     | 14153 ||| ACQUIRING 857 gold pieces
 14153 | D:12     | Acquired 857 gold pieces
 14155 | D:12     | 14155 ||| READING scroll labelled YTOCKI ROGGU.
 14355 | D:13     | Identified the +0 pair of boots of Orossygu {rPois}
                  | (Okawaru gifted it to you on level 13 of the Dungeon)
 14355 | D:13     | Received a gift from Okawaru
 14401 | D:13     | 14401 ||| Stepping ~*~*~tactically~*~*~ (outnumbered).
 14403 | D:13     | 14403 ||| INVOKING Heroism.
 14437 | D:13     | Found a gate to the Vaults.
 14558 | D:13     | Found a portal to a secret trove of treasure.
 14570 | D:13     | Reached skill level 20 in Ranged Weapons
 14686 | D:13     | 14686 ||| DROPPING +0 pair of boots of Orossygu {rPois}.
 14803 | D:14     | Identified the +1 trident "Letidif" {venom, *Corrode rElec
                  | rF+ Dex+4}
 15165 | D:14     | 15165 ||| INVOKING Heroism.
 15356 | D:14     | 15356 ||| DROPPING +4 ring mail.
 15357 | D:14     | 15357 ||| READING 6 scrolls of identify.
 15357 | D:14     | 15357 ||| IDENTIFYING yellow potion
 15358 | D:14     | 15358 ||| READING 5 scrolls of identify.
 15358 | D:14     | 15358 ||| IDENTIFYING clear potion
 15375 | D:15     | Entered Level 15 of the Dungeon
 15481 | D:15     | 15481 ||| INVOKING Heroism.
 15482 | D:15     | 15482 ||| Stepping ~*~*~tactically~*~*~ (outnumbered).
 15690 | D:15     | 15690 ||| INVOKING Heroism.
 16133 | D:15     | 16133 ||| INVOKING Heroism.
 16180 | D:15     | Found a staircase to the Depths.
 16181 | D:15     | 16181 ||| INVOKING Heroism.
 16203 | D:15     | Received a gift from Okawaru
 16383 | D:15     | 16383 ||| Stepping ~*~*~tactically~*~*~ (outnumbered).
 16583 | D:15     | 16583 ||| PLANNING ORC
 16583 | D:15     | 16583 ||| DROPPING +0 leather armour of cold resistance.
 16742 | Orc:1    | Entered Level 1 of the Orcish Mines
 16744 | Orc:1    | Noticed Josephine
 16750 | Orc:1    | 16750 ||| STAIRDANCE
 16757 | Orc:1    | 16757 ||| STAIRDANCE
 16784 | Orc:1    | Killed Josephine
 16904 | Orc:2    | Entered Level 2 of the Orcish Mines
 16954 | Orc:2    | Found a staircase to the Elven Halls.
 17012 | Orc:1    | 17012 ||| INVOKING Heroism.
 17016 | Orc:1    | Paralysed by an orc sorcerer for 2 turns
 17323 | Orc:2    | 17323 ||| FLEEEEING.
 17324 | Orc:2    | 17324 ||| FLEEEEING.
 17333 | Orc:2    | 17333 ||| INVOKING Heroism.
 17337 | Orc:2    | Reached skill level 9 in Dodging
 17535 | Orc:2    | Reached XP level 16. HP: 106/106 MP: 23/23
 17645 | Orc:2    | 17645 ||| INVOKING Heroism.
 17646 | Orc:2    | 17646 ||| Stepping ~*~*~tactically~*~*~ (outnumbered).
 17660 | Orc:2    | 17660 ||| Stepping ~*~*~tactically~*~*~ (outnumbered).
 17671 | Orc:2    | 17671 ||| Stepping ~*~*~tactically~*~*~ (outnumbered).
 17673 | Orc:2    | 17673 ||| Stepping ~*~*~tactically~*~*~ (outnumbered).
 17675 | Orc:2    | 17675 ||| Stepping ~*~*~tactically~*~*~ (outnumbered).
 17681 | Orc:2    | 17681 ||| INVOKING Finesse.
 17714 | Orc:2    | 17714 ||| INVOKING Heroism.
 17719 | Orc:2    | 17719 ||| Stepping ~*~*~tactically~*~*~ (outnumbered).
 17730 | Orc:2    | Found Sumegrem's Weapon Shoppe.
 17730 | Orc:2    | Found Usoeg's Armour Boutique.
 17732 | Orc:2    | Found Ecitic's Assorted Antiques.
 17732 | Orc:2    | Found Wudd's Antique Armour Boutique.
 17740 | Orc:2    | 17740 ||| BUYING scroll labelled ROIC DADEPT (22 gold).
 17740 | Orc:2    | Bought a scroll labelled ROIC DADEPT for 22 gold pieces
 17741 | Orc:2    | 17741 ||| BUYING cloak (157 gold).
 17741 | Orc:2    | Bought a cloak for 157 gold pieces
 17741 | Orc:2    | 17741 ||| BUYING embroidered robe (129 gold).
 17741 | Orc:2    | Bought an embroidered robe for 129 gold pieces
 17741 | Orc:2    | 17741 ||| BUYING pair of runed gloves (262 gold).
 17741 | Orc:2    | Bought a pair of runed gloves for 262 gold pieces
 17741 | Orc:2    | 17741 ||| BUYING runed leather armour (175 gold).
 17741 | Orc:2    | Bought a runed leather armour for 175 gold pieces
 17743 | Orc:2    | 17743 ||| BUYING +0 robe of resistance (360 gold).
 17743 | Orc:2    | Bought a +0 robe of resistance for 360 gold pieces
 17779 | Orc:2    | 17779 ||| PLANNING SNAKE:1-3
 17779 | Orc:2    | 17779 ||| DROPPING +0 ring mail of cold resistance.
 17780 | Orc:2    | 17780 ||| UPGRADING to +0 cloak.
 17785 | Orc:2    | 17785 ||| DROPPING +0 robe of cold resistance.
 17786 | Orc:2    | 17786 ||| DROPPING +1 pair of gloves.
 17787 | Orc:2    | 17787 ||| READING 2 scrolls of enchant armour.
 17787 | Orc:2    | 17787 ||| ENCHANTING +0 cloak.
 17788 | Orc:2    | 17788 ||| READING scroll of enchant armour.
 17788 | Orc:2    | 17788 ||| ENCHANTING +1 cloak.
 17936 | Snake:1  | Entered Level 1 of the Snake Pit
 17947 | Snake:1  | 17947 ||| INVOKING Heroism.
 17957 | Snake:1  | HP: 18/107 [mana viper[a naga ritualist] (10)]
 17957 | Snake:1  | HP: 3/107 [mana viper[a naga ritualist] (13)]
 17958 | Snake:1  | 17958 ||| READING 6 scrolls of teleportation.
 17958 | Snake:1  | HP: 1/107 [mana viper[a naga ritualist] (4)]
 17959 | Snake:1  | 17959 ||| DRINKING 3 potions of heal wounds.
 18127 | Snake:1  | Reached skill level 9 in Armour
 18265 | Snake:1  | Reached skill level 15 in Fighting
 18405 | Snake:1  | 18405 ||| INVOKING Heroism.
 18841 | Snake:1  | Identified the +2 pair of boots of Follow the Leader {-Tele
                  | Will+ Regen+ Str+2} (Okawaru gifted it to you on level 1 of
                  | the Snake Pit)
 18841 | Snake:1  | Received a gift from Okawaru
 19032 | Snake:2  | 19032 ||| INVOKING Heroism.
 19185 | Snake:2  | 19185 ||| INVOKING Heroism.
 19199 | Snake:2  | 19199 ||| INVOKING Heroism.
 19329 | Snake:2  | Found a glowing golden altar of the Shining One.
 19330 | Snake:2  | Identified the ring of Winter {*Slow rElec rCorr Int+3}
 19553 | Snake:2  | 19553 ||| INVOKING Heroism.
 19929 | Snake:3  | Reached XP level 17. HP: 68/116 MP: 24/24
 19929 | Snake:3  | 19929 ||| INVOKING Heroism.
 20197 | Snake:3  | 20197 ||| Stepping ~*~*~tactically~*~*~ (outnumbered).
 20199 | Snake:3  | 20199 ||| Stepping ~*~*~tactically~*~*~ (outnumbered).
 20343 | Snake:3  | 20343 ||| PLANNING SWAMP:1-3
 20408 | Swamp:1  | Entered Level 1 of the Swamp
 20534 | Swamp:1  | 20534 ||| INVOKING Heroism.
 20601 | Swamp:1  | 20601 ||| INVOKING Heroism.
 20798 | Swamp:1  | Identified the +0 pair of boots "Lesotaal" {rPois Dex+3}
                  | (Okawaru gifted it to you on level 1 of the Swamp)
 20798 | Swamp:1  | Received a gift from Okawaru
 20799 | Swamp:1  | Reached skill level 18 in Fighting
 20865 | Swamp:1  | 20865 ||| UPGRADING to +0 pair of boots "Lesotaal" {rPois
                  | Dex+3}.
 20875 | Swamp:1  | 20875 ||| DROPPING +2 pair of boots.
 20939 | Swamp:2  | 20939 ||| INVOKING Heroism.
 20980 | Swamp:2  | 20980 ||| Stepping ~*~*~tactically~*~*~ (outnumbered).
 21045 | Swamp:2  | 21045 ||| INVOKING Heroism.
 21443 | Swamp:2  | 21443 ||| DROPPING +3 leather armour of cold resistance.
 21484 | Swamp:3  | Noticed qw's ghost (adept GrFi)
 21484 | Swamp:3  | Found a transporter.
 21485 | Swamp:3  | Noticed a tentacled monstrosity
 21486 | Swamp:3  | 21486 ||| INVOKING Heroism.
 21546 | Swamp:3  | 21546 ||| INVOKING Heroism.
 21584 | Swamp:3  | 21584 ||| INVOKING Heroism.
 21726 | Swamp:3  | 21726 ||| INVOKING Heroism.
 21822 | Swamp:3  | 21822 ||| READING scroll of acquirement.
 21822 | Swamp:3  | 21822 ||| ACQUIRING 817 gold pieces
 21822 | Swamp:3  | Acquired 817 gold pieces
 21880 | Swamp:3  | Found a transporter.
 21934 | Swamp:3  | Found a frozen archway.
 22058 | Swamp:3  | 22058 ||| PLANNING SNAKE:4
 22164 | Snake:4  | Entered Level 4 of the Snake Pit
 22264 | Snake:4  | 22264 ||| Stepping ~*~*~tactically~*~*~ (outnumbered).
 22266 | Snake:4  | 22266 ||| Stepping ~*~*~tactically~*~*~ (outnumbered).
 22268 | Snake:4  | 22268 ||| Stepping ~*~*~tactically~*~*~ (outnumbered).
 22270 | Snake:4  | 22270 ||| Stepping ~*~*~tactically~*~*~ (outnumbered).
 22272 | Snake:4  | 22272 ||| Stepping ~*~*~tactically~*~*~ (outnumbered).
 22299 | Snake:4  | Found Juriopsysam's Assorted Antiques.
 22305 | Snake:4  | 22305 ||| BUYING marble ring (165 gold).
 22305 | Snake:4  | Bought a marble ring for 165 gold pieces
 22313 | Snake:4  | 22313 ||| INVOKING Heroism.
 22540 | Snake:4  | 22540 ||| INVOKING Heroism.
 22551 | Snake:4  | 22551 ||| Stepping ~*~*~tactically~*~*~ (outnumbered).
 22593 | Snake:4  | 22593 ||| INVOKING Heroism.
 22644 | Snake:4  | Received a gift from Okawaru
 22645 | Snake:4  | Reached XP level 18. HP: 128/128 MP: 25/25
 22648 | Snake:4  | 22648 ||| DROPPING +1 longbow of freezing.
 22653 | Snake:4  | 22653 ||| INVOKING Heroism.
 22665 | Snake:4  | 22665 ||| Stepping ~*~*~tactically~*~*~ (outnumbered).
 22667 | Snake:4  | 22667 ||| Stepping ~*~*~tactically~*~*~ (outnumbered).
 22705 | Snake:4  | 22705 ||| INVOKING Heroism.
 22706 | Snake:4  | 22706 ||| Stepping ~*~*~tactically~*~*~ (outnumbered).
 22724 | Snake:4  | Reached skill level 12 in Dodging
 22729 | Snake:4  | Noticed Saint Roka
 22730 | Snake:4  | 22730 ||| INVOKING Finesse.
 22732 | Snake:4  | HP: 27/128 [constriction (7)]
 22733 | Snake:4  | 22733 ||| READING 5 scrolls of teleportation.
 22733 | Snake:4  | Slain by a nagaraja

Levels and vault maps discovered:
D:1:      dpeg_arrival_tiny_c, layout_basic, chequers_ecumenical_altar_twisty,
          chequers_big_river, minmay_ruptured
D:2:      layout_basic, serial_shops, shop, grunt_ministairs_4,
          hangedman_feature_mirror, minmay_misc_feat_x,
          minmay_shallow_snake_nest
D:3:      layout_rooms, mainiacjoe_overflow_surrounded_room
D:4:      layout_basic, nicolae_uskayaw_en_pointe, bloody_makhleb,
          minmay_misc_feat_columns, nicolae_half_adder
D:5:      layout_rooms, minmay_temple_entry_poolview, grunt_ministairs_5,
          roderic_lattice_a, corexii_shack
D:6:      layout_basic, mainiacjoe_overflow_brackets, serial_shops, shop
D:7:      layout_rooms, mainiacjoe_overflow_boulevard,
          mainiacjoe_overflow_six_doors_small, minmay_shop_grid_forest
D:8:      layout_basic, lemuel_mausoleum_altar_kikubaaqudgha,
          minmay_crystal_water, minmay_fractal_squares_gapless_5
D:9:      layout_cave_pools, mainiacjoe_overflow_small_starburst,
          hiddenorc1_lemuel, minivault_19, corexii_hall_statues_s
D:10:     layout_loops_corners, lair_entry_dummy, uniq_erolcha
D:11:     layout_cave_pools, gauntlet_entry_generic
D:12:     kennysheep_spiral_hall, layout_stronghold
D:13:     layout_cave_pools, david_vaults_2, enter_trove_1
D:14:     layout_loops_cross, minmay_door_square
D:15:     grunt_enter_depths_giant_problem, layout_grid_maze,
          minmay_misc_feat_alley, minmay_gold_behind_fungi
Temple:   zaba_magenta_temple
Lair:1:   layout_regular_city, gammafunk_ghost_hive, uniq_maggie, uniq_urug
Lair:2:   layout_roguey, swamp_mist, guppyfry_snake_entry_garden, special_room
          [special_room_bee], grunt_megastairs_2, uniq_harold
Lair:3:   layout_hall_layers, serial_bayou_shore_a
Lair:4:   layout_hall_layers, minmay_slime_entry_oklob_enclosed,
          grunt_forest_stairs_basic, cheibrodos_lair_lostbears
Lair:5:   hangedman_lair_in_review, layout_cave_pods, guppyfry_lair_end_dragon,
          serial_bayou_pond_b, infiniplex_staircase_pool_2
Swamp:1:  layout_basic_swamp, evilmike_swamp_ruin_house_3
Swamp:2:  layout_basic_swamp, evilmike_swamp_ruin_house_2
Swamp:3:  layout_basic_swamp, portal_ice_cave_entry_pillars_four,
          gammafunk_ghost_arena, evilmike_swamp_ruin_rubble_1,
          nicolae_swamp_treefoil, infiniplex_staircase_pool
Snake:1:  layout_gridlike, serial_corexii_hall, corexii_hall_statues_u,
          chequers_hall_statues_wall_a, nicolae_snake_gridmaze_big_u
Snake:2:  layout_gridlike, basic_altar
Snake:3:  layout_layer_cave, serial_bayou_shore_b
Snake:4:  grunt_snake_rune_spirals, layout_concentric_octagons, serial_shops,
          shop, uniq_vashnia, uniq_saint_roka
Orc:1:    layout_caves, uniq_josephine
Orc:2:    grunt_orc_tribal_feast, layout_caves

Skill      XL: |  1  2  3  4  5  6  7  8  9 10 11 12 13 14 15 16 17 18 |
---------------+-------------------------------------------------------+-----
Armour         | 1 6 7 8 10 11 | 11.2
Ranged Weapons | 5 6 7 8 10 12 14 15 17 19 20 | 20.0
Fighting       | 3 4 5 7 8 10 11 13 14 16 19 | 19.0
Invocations    | 3 4 9 10 | 10.0
Dodging        | 3 4 5 6 7 9 10 11 12 | 12.0
Stealth        | |  1.1

Action                     |  1- 3 |  4- 6 |  7- 9 | 10-12 | 13-15 | 16-18 || total
---------------------------+-------+-------+-------+-------+-------+-------++-------
   Fire: Shortbow          |    94 |   162 |   273 |    70 |       |       ||   599
         Orcbow            |       |       |       |   623 |       |       ||   623
         Longbow           |       |       |       |    57 |   875 |   731 ||  1663
 Invoke: Heroism           |       |       |    12 |    25 |    31 |    22 ||    90
         Finesse           |       |       |       |     1 |     1 |     2 ||     4
    Use: Scroll            |     4 |     8 |     8 |     6 |    12 |     5 ||    43
         Potion            |     1 |     1 |     2 |     5 |       |     1 ||    10
 Armour: Leather armour    |     2 |       |       |    29 |       |       ||    31
         Ring mail         |    15 |    61 |    35 |       |    86 |   257 ||   454
         Steam dragon scal |       |       |    18 |    68 |       |       ||    86
         Troll leather arm |       |       |       |   123 |   192 |       ||   315
  Dodge: Dodged            |    18 |    66 |    91 |   333 |   688 |   654 ||  1850

Table legend:
 A = Non-vault XP
 B = Vault XP
 C = Vault XP percentage of total XP
 D = Non-vault monster count
 E = Vault monster count
 F = Vault count percentage of total count
                 A         B        C        D         E       F
            +---------+---------+-------+---------+---------+-------
      Total |  201375 |   55117 |  21.5 |     675 |     208 |  23.6
            +---------+---------+-------+---------+---------+-------
        D:1 |      26 |       7 |  21.2 |      15 |       5 |  25.0
        D:2 |      23 |      49 |  68.1 |       8 |       9 |  52.9
        D:3 |     101 |       0 |   0.0 |      13 |       0 |   0.0
        D:4 |     483 |     140 |  22.5 |      38 |       8 |  17.4
        D:5 |    1044 |       3 |   0.3 |       8 |       1 |  11.1
        D:6 |    1141 |       0 |   0.0 |      16 |       0 |   0.0
        D:7 |     628 |       0 |   0.0 |      28 |       0 |   0.0
        D:8 |    4041 |    1181 |  22.6 |      26 |      15 |  36.6
        D:9 |    1871 |    1103 |  37.1 |      23 |      21 |  47.7
       D:10 |    3797 |     888 |  19.0 |      24 |       1 |   4.0
       D:11 |    2925 |       0 |   0.0 |      16 |       0 |   0.0
       D:12 |    7320 |    1033 |  12.4 |      30 |       4 |  11.8
       D:13 |    6293 |    1667 |  20.9 |      12 |       3 |  20.0
       D:14 |    8727 |       0 |   0.0 |      21 |       0 |   0.0
       D:15 |   12300 |    1097 |   8.2 |      25 |       1 |   3.8
     Lair:1 |    8091 |    2094 |  20.6 |      31 |       3 |   8.8
     Lair:2 |    6760 |    3656 |  35.1 |      20 |      33 |  62.3
     Lair:3 |    5322 |       0 |   0.0 |      17 |       0 |   0.0
     Lair:4 |    5175 |    1751 |  25.3 |      21 |       5 |  19.2
     Lair:5 |   13309 |   15131 |  53.2 |      40 |      41 |  50.6
    Swamp:1 |   10341 |       0 |   0.0 |      18 |       0 |   0.0
    Swamp:2 |   16142 |       0 |   0.0 |      28 |       0 |   0.0
    Swamp:3 |   14102 |       0 |   0.0 |      23 |       0 |   0.0
    Snake:1 |   16960 |       0 |   0.0 |      36 |       0 |   0.0
    Snake:2 |   17100 |       0 |   0.0 |      32 |       0 |   0.0
    Snake:3 |   19234 |       0 |   0.0 |      40 |       0 |   0.0
    Snake:4 |   14308 |   13123 |  47.8 |      29 |      19 |  39.6
      Orc:1 |    2748 |     902 |  24.7 |      15 |       1 |   6.2
      Orc:2 |    1063 |    7321 |  87.3 |      22 |      29 |  56.9
   Gauntlet |       0 |    3971 | 100.0 |       0 |       9 | 100.0
            +---------+---------+-------+---------+---------+-------
